 Dungeon Crawl Stone Soup version 0.14-a0-3367-g7c2a7eb (webtiles) character file.

295 Sabsy the Sneak (level 4, -3/19 HPs)
             Began as a Felid Transmuter on Mar 19, 2014.
             Killed from afar by a kobold (5 damage)
             ... on Level 5 of the Dungeon.
             The game lasted 00:28:37 (4800 turns).

Sabsy the Sneak (Felid Transmuter)                  Turns: 4800, Time: 00:28:37

HP  -3/19        AC  1     Str  6      XL: 4   Next: 39%
MP  10/10        EV 20     Int 14      God:
Gold 200         SH  0     Dex 17      Spells:  3 memorised,  1 level left
Lives: 0, deaths: 1

rFire  + . .     SeeInvis +       - Unarmed
rCold  x . .     Clarity  .     (armour unavailable)
rNeg   . . .     Conserve .     (shield unavailable)
rPois  .         rCorr    .     (helmet unavailable)
rElec  .         rRot     .     (cloak unavailable)
SustAb . .       Spirit   .     (gloves unavailable)
rMut   .         Warding  .     (boots unavailable)
Saprov . . .     Stasis   .     (no amulet)
MR     .....                    o - ring of wizardry
                                g - ring of fire

@: quick, not resistant to hostile enchantments, very stealthy
A: paw claws, no armour, no weapons or thrown items, fangs 3, see invisible,
carnivore 3, speed 1, shaggy fur 1, slow metabolism 1, jump 1
a: Jump Attack


You were on level 5 of the Dungeon.
You were not hungry.

You visited 1 branch of the dungeon, and saw 5 of its levels.

You collected 200 gold pieces.

Inventory:

Missiles
 b - 28 arrows
Comestibles
 a - a meat ration
Scrolls
 e - a scroll of recharging {unknown}
 h - 2 scrolls of teleportation
 j - 2 scrolls of magic mapping
 k - 2 scrolls of enchant weapon II
 l - 2 scrolls of immolation {unknown}
Jewellery
 g - a ring of fire (left paw)
 m - an uncursed ring of teleportation
 n - an uncursed ring of ice {unknown}
 o - a ring of wizardry (right paw)
Potions
 c - 3 potions of magic
 f - 2 potions of heal wounds
 i - a potion of flight
 p - a potion of restore abilities {unknown}
Books
 d - a book of Changes

   Spells                             Type                      Level
   *Beastly Appendage                 Transmutation                1
   *Sticks to Snakes                  Transmutation                2
   *Spider Form                       Transmutation/Poison         3
   Ice Form                           Ice/Transmutation            4
   Blade Hands                        Transmutation                5


   Skills:
 - Level 1.0 Fighting
 + Level 4.6 Dodging
 * Level 5.7 Stealth
 - Level 3.0 Unarmed Combat
 - Level 2.0 Spellcasting
 - Level 2.1 Transmutations


You had one spell level left.
You knew the following spells:

 Your Spells              Type           Power        Failure   Level  Hunger
a - Beastly Appendage     Trmt           #.....       4%          1    ##.....
b - Sticks to Snakes      Trmt           #.........   7%          2    ###....
c - Spider Form           Trmt/Pois      #.........   21%         3    ####...


Dungeon Overview and Level Annotations

Branches:
Dungeon (5/15)
 Temple: D:4-7

Altars:
Nemelex Xobeh

Shops:
D:5 [=


Innate Abilities, Weirdness & Mutations

You cannot wear armour.
You are incapable of wielding weapons or throwing items.
Your paws have sharp claws.*
You have razor-sharp teeth.*
You have supernaturally acute eyesight.
You are carnivorous and can eat meat at any time.
You cover ground quickly.*
You are covered in fur (AC +1).*
You have a slow metabolism.
You can jump attack at a short distance.


Message History

The kobold completely misses you.
A centaur comes into view.
You closely miss the kobold.
The centaur wields a bow.
The centaur shoots an arrow.
The arrow misses you. The kobold barely misses you.
The centaur shoots an arrow.
The arrow misses you.
The kobold throws an exploding dart.
The exploding dart hits you!
The exploding dart explodes!
The explosion of dart fragments engulfs you!
You see here an arrow.
The centaur shoots an arrow.
The arrow hits you!
* * * LOW HITPOINT WARNING * * *
The kobold throws an exploding dart.
The exploding dart misses you.
The exploding dart explodes!
You see here an arrow.
The kobold throws an exploding dart.
The exploding dart hits you!
* * * LOW HITPOINT WARNING * * *
The exploding dart explodes!
The explosion of dart fragments engulfs you!
You die...

#.......# ######.c.....######
..!......K((K.......
#######.########### #.# . #.#
#######.# #.# ........# #.#
#######.########@################
#..........................
#..............########.###
#..............# #.#
#..............# #.#
#.)............# #.#
#####.............∩# #.#
#.8..∩..8..........# #.#
#######..............########.###


You could see a centaur and a kobold.

Vanquished Creatures
  Ijyb (D:3)
  Jessica (D:2)
  An adder (D:4)
  A worm (D:4)
  An adder skeleton (D:4)
  A giant eyeball (D:4)
  A giant gecko (D:2)
  An orc (D:3)
  6 hobgoblins
  6 jackals
  8 kobolds
  7 bats
  3 giant cockroaches
  3 giant newts
  6 goblins
  A kobold skeleton (D:4)
  An orc skeleton (D:4)
  2 rats
51 creatures vanquished.

Vanquished Creatures (collateral kills)
  An iguana (D:5)
  3 adders
  2 giant mites
  A worm (D:2)
  An orc (D:4)
  A hobgoblin (D:2)
  2 jackals (D:1)
  4 kobolds
15 creatures vanquished.

Grand Total: 66 creatures vanquished

Notes
Turn   | Place    | Note
--------------------------------------------------------------
     0 | D:1      | Sabsy, the Felid Transmuter, began the quest for the Orb.
     0 | D:1      | Reached XP level 1. HP: 9/9 MP: 4/4
    62 | D:1      | Reached skill level 1 in Stealth
   311 | D:1      | Reached XP level 2. HP: 12/12 MP: 5/5
   318 | D:1      | Learned a level 2 spell: Sticks to Snakes
   488 | D:1      | Found a sparkling altar of Nemelex Xobeh.
  1050 | D:1      | Reached XP level 3. HP: 15/15 MP: 8/8
  1327 | D:2      | Noticed Jessica
  2158 | D:2      | Reached skill level 4 in Stealth
  2543 | D:2      | Killed Jessica
  2543 | D:2      | Reached XP level 4. HP: 11/19 MP: 1/10
  2861 | D:3      | Noticed Ijyb
  2875 | D:3      | Killed Ijyb
  3990 | D:4      | Noticed an ogre
  3992 | D:4      | Mangled by an ogre
  3993 | D:4      | Reached XP level 3. HP: -8/15 MP: 8/8
  4049 | D:4      | Noticed an ogre
  4088 | D:4      | Reached skill level 5 in Stealth
  4105 | D:4      | Paralysed by a giant eyeball for 3 turns
  4163 | D:4      | Learned a level 3 spell: Spider Form
  4257 | D:4      | Reached XP level 4. HP: 13/19 MP: 10/10
  4321 | D:4      | Noticed a phantom
  4486 | D:5      | Entered Level 5 of the Dungeon
  4532 | D:5      | Found Seddir's Armour Boutique.
  4540 | D:5      | Found Inozoma's Jewellery Boutique.
  4792 | D:5      | Noticed a centaur
  4800 | D:5      | Killed from afar by a kobold

Action                   |  1- 3 |  4- 6 || total
-------------------------+-------+-------++-------
Melee: Unarmed           |   123 |    37 ||   160
 Cast: Beastly Appendage |    12 |     5 ||    17
       Sticks to Snakes  |    17 |    14 ||    31
  Use: Scroll            |     7 |     3 ||    10
       Potion            |     2 |     1 ||     3
 Stab: Sleeping          |     5 |     3 ||     8
